 Dungeon Crawl Stone Soup version 0.23.2 (webtiles) character file.

Game seed: 18037950056512339710

5348 Borgoz the Slicer (level 10, -9/90 HPs)
             Began as a Minotaur Berserker on Apr 9, 2019.
             Was a High Priest of Trog.
             Splashed by Maurice's acid (11 damage)
             ... on level 10 of the Dungeon.
             The game lasted 00:19:49 (9325 turns).

Borgoz the Slicer (Minotaur Berserker)              Turns: 9325, Time: 00:19:50

Health: -9/90      AC: -4    Str: 22    XL:     10   Next: 38%
Magic:  13/20      EV: 15    Int:  4    God:    Trog [*****.]
Gold:   432        SH:  0    Dex: 13    Spells: 9/9 levels left

rFire    . . .     SeeInvis .   a - +1 dagger (venom)
rCold    + . .     Gourm    .   (no shield)
rNeg     . . .     Faith    .   v - +2 ring mail {rC+}
rPois    +         Spirit   .   (helmet restricted)
rElec    .         Reflect  .   H - +1 cloak
rCorr    .         Harm     .   (no gloves)
MR       +....                  (no boots)
Stlth    ++........             D - amulet of regeneration
HPRegen  0.65/turn              A - ring "Voisikk" {MR+ MP+9}
MPRegen  0.17/turn              J - ring of poison resistance

@: corroded
A: retaliatory headbutt, horns 2
a: Berserk, Trog's Hand, Brothers in Arms, Renounce Religion


You were on level 10 of the Dungeon.
You worshipped Trog.
Trog was extremely pleased with you.
You were hungry.

You visited 2 branches of the dungeon, and saw 11 of its levels.
You also visited: Sewer.

You collected 432 gold pieces.

Inventory:

Hand Weapons
 a - a +1 dagger of venom (weapon)
 b - a +0 dagger of electrocution
 j - a +0 dagger of speed
 r - a +0 hand axe
Missiles
 n - 5 throwing nets
 y - 9 tomahawks (quivered)
Armour
 v - a +2 ring mail of cold resistance (worn)
 H - a +1 cloak (worn)
Jewellery
 f - an uncursed amulet of rage
 o - an uncursed ring of flight
 q - a +3 amulet of reflection
 A - the ring "Voisikk" (left hand) {MR+ MP+9}
   (You found it on level 5 of the Dungeon)

   [ring of magical power]

   It affects your resistance to hostile enchantments.
   It affects your magic capacity (+9).
 D - an amulet of regeneration (around neck)
 F - an uncursed ring of protection from cold
 J - a ring of poison resistance (right hand)
 K - the ring "Dizeile" {+Fly rN+++ EV-4 Str+7 Dex-3}
   (You found it on level 8 of the Dungeon)

   [ring of evasion]

   It affects your evasion (-4).
   It affects your strength (+7).
   It affects your dexterity (-3).
   It renders you almost immune to negative energy.
   It lets you fly.
Wands
 h - a wand of random effects (13)
 u - a wand of digging (3)
 G - a wand of iceblast (17)
Scrolls
 d - a scroll of silence {unknown}
 i - 2 scrolls of teleportation
 k - a scroll of magic mapping {unknown}
 m - a scroll of remove curse
 t - a scroll of enchant weapon {unknown}
 w - a scroll of enchant armour {unknown}
 x - 4 scrolls of amnesia {unknown}
 z - a scroll of blinking {unknown}
 B - a scroll of fog {unknown}
 M - a scroll of fear
Potions
 e - 4 potions of curing
 g - 3 potions of brilliance
 l - a potion of lignification
 p - 3 potions of flight
 s - 2 potions of might
 I - a potion of cancellation {unknown}
 L - a potion of magic {unknown}
Comestibles
 c - 16 rations


   Skills:
 + Level 8.7 Fighting
 * Level 9.8 Short Blades
 - Level 4.0 Axes
 + Level 8.2 Armour
 + Level 7.4 Dodging
 + Level 3.1 Stealth
 + Level 3.1 Evocations


You had 9 spell levels left.
You didn't know any spells.
Your spell library was empty.

Dungeon Overview and Level Annotations

Branches:
Dungeon (10/15)            Temple (1/1) D:5
   Lair: D:8-11         Orc: D:9-12

Altars:
Ashenzari
Cheibriados
Dithmenos
Elyvilon
Fedhas
Gozag
Hepliaklqana
Kikubaaqudgha
Makhleb
Nemelex Xobeh
Okawaru
Qazlal
Ru
Sif Muna
Trog
Uskayaw
Vehumet
Wu Jian
Xom
Yredelemnul
Zin
The Shining One

Shops:
D:9 [

Annotations:
D:6 3 runed translucent doors, Frank's ghost, novice OpFi
D:10 Maurice


Innate Abilities, Weirdness & Mutations

You reflexively headbutt those who attack you in melee.
You have a pair of horns on your head.


Message History

You hear a zap.
A bolt of acid appears from out of thin air!
The bolt of acid misses you.
You feel much better.
You hear a zap.
A bolt of acid appears from out of thin air!
The bolt of acid hits you!!
* * * LOW HITPOINT WARNING * * *
The acid corrodes you!
You are splashed with acid!
* * * LOW HITPOINT WARNING * * *
The crimson imp shouts!
You hear a bark!
The crimson imp blinks!
You hit the crimson imp but do no damage.
The crimson imp is poisoned.
You hear a zap.
A bolt of acid appears from out of thin air!
The bolt of acid hits you!
* * * LOW HITPOINT WARNING * * *
The acid corrodes you!
You are splashed with acid!
You die...

......G.........
#..h............
...............
#.............. #########
#.## ....... #.......#
#..# .......
#.......#####.#####.......
#.......'..†%.............
#.....).#####@#####.......
#.....<...# #.5# .......
####.#..#.# ##.# .%.....
#.####.# .. .#..... # #
#.# .#..... .# .# .... ..
.# ..a. #.#


You could see a crimson imp.

Vanquished Creatures
  2 two-headed ogres
  An eye of draining (D:10)
  A sky beast (D:5)
  2 ice beasts (D:8)
  A black bear (D:7)
  A necrophage (D:9)
  3 ogres
  2 centaurs (D:5)
  5 bullfrogs
  A big kobold (Sewer)
  2 gnoll sergeants
  5 scorpions
  A water moccasin skeleton (D:5)
  11 killer bees
  5 howler monkeys
  A crimson imp (D:6)
  A centaur zombie (D:10)
  4 hounds
  2 jellies
  3 orc priests
  6 orc wizards
  Crazy Yiuf (D:3)
  3 gnoll shamans (D:4)
  2 bullfrog skeletons
  Ijyb (D:3)
  9 worker ants
  A hound zombie (D:5)
  2 hound skeletons (D:7)
  A howler monkey zombie (D:10)
  A worker ant zombie (D:6)
  13 adders
  40 gnolls
  3 river rats
  A shadow imp (D:5)
  2 oozes
  An adder skeleton (D:7)
  3 worms
  6 leopard geckos
  32 orcs
  2 giant cockroaches (D:3)
  9 goblins
  6 hobgoblins
  19 jackals
  5 quokkas
  9 bats
  5 frilled lizards
  A jackal skeleton (D:7)
  14 kobolds
  A leopard gecko zombie (D:9)
  A quokka skeleton (D:5)
  A quokka zombie (D:5)
  6 rats
261 creatures vanquished.

Notes
Turn   | Place    | Note
-------+----------+-------------------------------------------
     0 | D:1      | Borgoz the Minotaur Berserker began the quest for the Orb.
     0 | D:1      | Reached XP level 1. HP: 19/19 MP: 0/0
   145 | D:1      | Reached XP level 2. HP: 22/27 MP: 1/1
   803 | D:1      | Reached ** piety under Trog
   991 | D:2      | Reached XP level 3. HP: 33/33 MP: 2/2
  1120 | D:2      | Reached skill level 1 in Short Blades
  1282 | D:2      | Found a sacrificial altar of Ru.
  1486 | D:2      | Reached XP level 4. HP: 40/40 MP: 3/3
  2159 | D:3      | Noticed Ijyb
  2172 | D:3      | Killed Ijyb
  2172 | D:3      | Reached skill level 2 in Short Blades
  2513 | D:3      | Found a glowing drain.
  2517 | D:3      | Reached XP level 5. HP: 47/47 MP: 4/4
  2542 | Sewer    | Entered a sewer
  2609 | Sewer    | Reached skill level 3 in Short Blades
  2637 | Sewer    | Found a white marble altar of Elyvilon.
  2779 | D:3      | Found a runed translucent door.
  2780 | D:3      | Noticed Crazy Yiuf
  2920 | D:3      | Reached XP level 6. HP: 55/55 MP: 5/5
  2930 | D:3      | Reached skill level 5 in Fighting
  3181 | D:3      | Killed Crazy Yiuf
  3224 | D:4      | Reached skill level 4 in Short Blades
  3245 | D:4      | Reached *** piety under Trog
  3276 | D:4      | Found a shattered altar of Ashenzari.
  3344 | D:4      | Reached XP level 7. HP: 38/61 MP: 6/6
  3622 | D:4      | Reached skill level 5 in Short Blades
  3631 | D:4      | Reached skill level 5 in Armour
  3663 | D:4      | Reached **** piety under Trog
  3876 | D:4      | Reached skill level 5 in Dodging
  3883 | D:4      | Reached XP level 8. HP: 46/70 MP: 7/7
  3996 | D:4      | Reached skill level 6 in Short Blades
  4703 | D:5      | Entered Level 5 of the Dungeon
  4781 | D:5      | Reached ***** piety under Trog
  5013 | D:5      | Reached skill level 7 in Short Blades
  5031 | D:5      | Found a staircase to the Ecumenical Temple.
  5339 | Temple   | Entered the Ecumenical Temple
  5983 | D:5      | Got a shimmering steel ring
  6080 | D:5      | Identified the ring "Voisikk" {MR+ MP+9} (You found it on
                  | level 5 of the Dungeon)
  6440 | D:6      | Reached XP level 9. HP: 79/79 MP: 8/8
  6642 | D:6      | Found a runed translucent gate.
  6642 | D:6      | Found a runed translucent gate.
  6642 | D:6      | Found a runed translucent gate.
  6643 | D:6      | Noticed Frank's ghost (novice OpFi)
  7013 | D:7      | Got a steaming long sword
  7021 | D:7      | Noticed a two-headed ogre
  7028 | D:7      | Reached skill level 8 in Short Blades
  7246 | D:8      | Received a gift from Trog
  7374 | D:7      | Reached skill level 1 in Evocations
  7604 | D:7      | Reached skill level 1 in Stealth
  7881 | D:7      | Killed a two-headed ogre
  8005 | D:8      | Reached skill level 9 in Short Blades
  8308 | D:8      | Got a sparkling platinum ring
  8313 | D:8      | Identified the cursed ring "Dizeile" {+Fly rN+++ EV-4 Str+7
                  | Dex-3} (You found it on level 8 of the Dungeon)
  8480 | D:9      | Found Tioketof's Antique Armour Shoppe.
  8529 | D:9      | Reached XP level 10. HP: 88/88 MP: 10/10
  8931 | D:9      | Identified the +6 long sword "Loxorou" {flame, Dex+3} (You
                  | found it on level 7 of the Dungeon)
  9175 | D:10     | Entered Level 10 of the Dungeon
  9175 | D:10     | Noticed a two-headed ogre
  9183 | D:10     | Killed a two-headed ogre
  9261 | D:10     | Noticed Maurice
  9325 | D:10     | HP: 2/90 [something/wand of acid (3) (15)]
  9325 | D:10     | Splashed by Maurice's acid

Skill      XL: |  1  2  3  4  5  6  7  8  9 10 |
---------------+-------------------------------+-----
Fighting       | 4 5 6 7 8 |  8.7
Axes           | 4 |  4.0
Armour         | 3 4 5 6 7 8 |  8.2
Short Blades   | 1 2 3 4 5 7 9 |  9.8
Dodging        | 3 4 5 6 7 |  7.4
Evocations     | 2 3 |  3.1
Stealth        | 2 3 |  3.1

Action                   |  1- 3 |  4- 6 |  7- 9 | 10-12 || total
-------------------------+-------+-------+-------+-------++-------
Melee: Hand axe          |    32 |       |       |       ||    32
       Dagger            |    41 |   164 |   510 |   111 ||   826
       Headbutt          |     4 |    35 |   112 |    27 ||   178
       Long sword        |       |       |       |     2 ||     2
Invok: Berserk           |       |       |       |     1 ||     1
 Abil: Evoke Berserk Rag |       |       |     2 |       ||     2
Evoke: Wand              |       |       |     1 |       ||     1
  Use: Scroll            |       |     9 |     5 |     3 ||    17
       Potion            |       |     2 |     5 |     1 ||     8
 Stab: Invisible         |       |       |     5 |       ||     5
  Eat: Chunk             |     1 |     7 |    17 |     4 ||    29
Armor: Animal skin       |    14 |     9 |       |       ||    23
       Ring mail         |       |    33 |   102 |    24 ||   159
       Leather armour    |       |       |       |     1 ||     1
Dodge: Dodged            |    39 |    96 |   253 |    51 ||   439
Block: Other             |       |    14 |    22 |       ||    36
       Reflection        |       |       |     1 |       ||     1
